 Dungeon Crawl Stone Soup version 0.27.1-33-g824d729ab1 (webtiles) character file.

Game seed: 12526889878578404587

4 jlumianski the Skirmisher (level 1, -1/14 HPs)
             Began as a Gargoyle Monk on Dec 11, 2021.
             Slain by a quokka (3 damage)
             ... on level 1 of the Dungeon.
             The game lasted 00:01:07 (159 turns).

jlumianski the Skirmisher (Gargoyle Monk)            Turns: 159, Time: 00:01:07

Health: -1/14      AC:  4    Str: 14    XL:     1   Next: 70%
Magic:  1/1        EV: 12    Int: 10    God:
Gold:   0          SH:  0    Dex: 12    Spells: 0/0 levels left

rFire    . . .     SeeInvis .   a - +0 hand axe
rCold    . . .     Faith    .   (no shield)
rNeg     + . .     Spirit   .   b - +0 robe
rPois    ∞         Reflect  .   (no helmet)
rElec    +         Harm     .   (no cloak)
rCorr    .         Rampage  .   (no gloves)
Will     .....                  (no boots)
Stlth    ++........             (no amulet)
HPRegen  0.04/turn              (no ring)
MPRegen  0.07/turn              (no ring)

@: no status effects
A: sickness immunity, AC +2, negative energy resistance 1, electricity
resistance, torment resistance 1, petrification resistance
a: no special abilities


You were on level 1 of the Dungeon.
You visited 1 branch of the dungeon, and saw 1 of its levels.

Inventory:

Hand Weapons
 a - a +0 hand axe (weapon)
Armour
 b - a +0 robe (worn)
Scrolls
 c - a scroll of identify {unknown}


   Skills:
 + Level 3.3 Fighting
 + Level 2.9 Axes
 + Level 2.4 Dodging
 + Level 2.2 Stealth


You couldn't memorise any spells.
You didn't know any spells.
Your spell library was empty.

Dungeon Overview and Level Annotations

Branches:
Dungeon (1/15)

Altars:

Shops:
D:1 *


Innate Abilities, Weirdness & Mutations

You are immune to sickness and miasma.
Your stone body is resilient. (AC +2)
You are immune to poison.
You resist negative energy. (rN+)
You are resistant to electric shocks. (rElec)
You are resistant to unholy torment.
You are immune to petrification.


Message History

You see here a +0 whip.
You open the door.
There is an open door here.
You open the door.
There is an open door here.
A hobgoblin comes into view. 2 rats come into view.
A quokka comes into view.
The rat bites you but does no damage.
You hit the rat but do no damage. You barely miss the rat.
The hobgoblin shouts!
The rat bites you. The rat closely misses you.
You hit the rat but do no damage. You hit the rat.
You kill the rat!
You hit the hobgoblin but do no damage. The rat barely misses you.
The hobgoblin closely misses you.
You closely miss the rat. You hit the hobgoblin but do no damage.
The rat closely misses you. The hobgoblin closely misses you.
You hit the rat.
You kill the rat!
You closely miss the hobgoblin. The hobgoblin barely misses you.
The hobgoblin closely misses you.
You see here a rat corpse.
You closely miss the hobgoblin. You hit the quokka.
The quokka closely misses you. The hobgoblin hits you.
You hit the hobgoblin.
The hobgoblin is severely wounded.
You hit the quokka. The quokka closely misses you. The hobgoblin hits you.
The quokka bites you.
* * * LOW HITPOINT WARNING * * *
You hit the hobgoblin.
You kill the hobgoblin!
You closely miss the quokka. The quokka closely misses you.
The quokka misses you.
You hit the quokka but do no damage.
The quokka is heavily wounded.
The quokka bites you.
* * * LOW HITPOINT WARNING * * *
The quokka bites you.
You die...

#. #.# # #. #.#########
#### #. #.##.#.......
....
#..#.#..#.....#########
##..#.#..#..............
#........#......# #####
.#.....#..#......########
.......†@................
.#.#..##r.#......####...#
#........#.####.# #...#
###..#####.# #.# #...# #.
#.# #.####...# #r ..#
##.##...).# # ..#
#...'.....' ...#
#####.....# ###...#


You could see a quokka.

Vanquished Creatures
  A bat (D:1)
  A hobgoblin (D:1)
  A kobold (D:1)
  2 rats (D:1)
5 creatures vanquished.

Notes
Turn   | Place    | Note
-------+----------+-------------------------------------------
     0 | D:1      | jlumianski the Gargoyle Monk began the quest for the Orb.
     0 | D:1      | Reached XP level 1. HP: 14/14 MP: 1/1
    64 | D:1      | Found Paret's Assorted Antiques.
   159 | D:1      | Slain by a quokka

Illustrated notes

Levels and vault maps discovered:
D:1:      heliophobic_arrival_enchanted_forest, layout_basic, serial_shops,
          nicolae_shop_crystal

Action                   || total
-------------------------++-------
Melee: Hand axe          ||    12
Armor: Robe              ||     6
Dodge: Dodged            ||    17
